 Dungeon Crawl Stone Soup version 0.15-a0-1646-g393eda0 (webtiles) character file.

225 PolkaDot the Sneak (level 5, -13/38 HPs)
             Began as a Vampire Assassin on June 22, 2014.
             Killed from afar by Pikel (26 damage)
             ... with a wand of lightning
             ... on Level 4 of the Dungeon.
             The game lasted 00:09:34 (2925 turns).

PolkaDot the Sneak (Vampire Assassin)               Turns: 2925, Time: 00:09:34

HP -13/38        AC  3     Str 10      XL: 5   Next: 68%
MP   5/5         EV 13     Int 13      God:
Gold 146         SH  0     Dex 16      Spells:  0 memorised,  4 levels left

rFire  + . .     SeeInvis +     a - +2 dagger
rCold  . . .     Clarity  .     c - +0 robe
rNeg   . . .     rCorr    .     (no shield)
rPois  .         rRot     .     (no helmet)
rElec  .         Spirit   .     v - +0 cloak
SustAb .         Warding  .     (no gloves)
rMut   .         Stasis   .     (no boots)
Gourm  .                        (no amulet)
MR     .....                    u - ring of fire
                                i - ring of protection from cold

@: very slightly contaminated, regenerating very quickly, invisible, not
resistant to hostile enchantments, stealthy
A: fangs 3, see invisible, unbreathing
a: no special abilities


You were on level 4 of the Dungeon.
You were almost alive.

You visited 1 branch of the dungeon, and saw 4 of its levels.

You collected 146 gold pieces.

Inventory:

Hand weapons
 a - a +2 dagger (weapon)
 b - a +0 blowgun
Missiles
 e - 32 poisoned needles
 f - 2 curare-tipped needles
Armour
 c - a +0 robe (worn)
 v - a +0 cloak (worn)
Scrolls
 j - a scroll of blinking {unknown}
 m - a scroll of teleportation {unknown}
 q - a scroll of fog {unknown}
 s - 3 scrolls of remove curse
 t - a scroll of enchant weapon {unknown}
 x - a scroll of immolation {unknown}
Jewellery
 d - an uncursed ring of protection from magic {unknown}
 i - a ring of protection from cold (left hand)
 u - a ring of fire (right hand)
Potions
 g - a potion of heal wounds {unknown}
 h - a potion of flight {unknown}
 k - a potion of agility {unknown}
 l - a potion of restore abilities {unknown}
 n - a potion of curing {unknown}
 p - a potion of brilliance {unknown}
 r - a potion of magic {unknown}


   Skills:
 - Level 1.7 Fighting
 * Level 4.9 Short Blades
 - Level 2.4 Throwing
 + Level 2.3 Dodging
 + Level 7.1 Stealth


You had 4 spell levels left.
You didn't know any spells.

Dungeon Overview and Level Annotations

Branches:
Dungeon (4/15)
 Temple: D:4-7

Altars:
Okawaru

Annotations:
D:4 Pikel


Innate Abilities, Weirdness & Mutations

Your natural rate of healing is extremely fast.
You have razor-sharp teeth.*
You have supernaturally acute eyesight.
You can survive without breathing.*


Message History

You slash Pikel!
Pikel is moderately wounded.
You hit Pikel but do no damage.
Pikel is moderately wounded.
Pikel hits you but does no damage. The slave hits you.
You closely miss Pikel.
Pikel is moderately wounded.
Pikel hits you with a runed whip! Pikel freezes you.
The slave closely misses you.
You barely miss Pikel.
Pikel is moderately wounded.
The slave hits you! Pikel completely misses you.
You hit Pikel but do no damage.
Pikel is moderately wounded.
You hit Pikel.
Pikel is heavily wounded.
The slave barely misses you. The slave hits you.
Pikel zaps a wand.
The bolt of lightning hits you!
Ouch! That really hurt!
You die...

#.......... ##
#.#..#....#### #.
.....#>......# #.
#....#.......#
#.##...##.......####
#...................
##<#.#.##.##....p...
#####......##.##.p.......
............%...@Kg......
#####..#.#.##.##pp.......
#...................
#..#.####.##........
##.... ..##........ .....
####....... .......
####### . ..... ...


You could see Pikel, 4 slaves and a goblin (wandering).

Vanquished Creatures
  An orc wizard (D:3)
  Jessica (D:3)
  Terence (D:3)
  3 adders
  7 worms
  3 giant geckos
  An ooze (D:2)
  10 orcs (D:3)
  2 ball pythons
  8 bats
  4 hobgoblins (D:3)
  2 quokkas (D:3)
  4 giant cockroaches
  4 giant newts
  8 goblins
  6 jackals
  12 kobolds
  11 rats
88 creatures vanquished.

Notes
Turn   | Place    | Note
--------------------------------------------------------------
     0 | D:1      | PolkaDot, the Vampire Assassin, began the quest for the Orb.
     0 | D:1      | Reached XP level 1. HP: 16/16 MP: 1/1
   205 | D:1      | Reached skill level 6 in Stealth
   284 | D:1      | Reached XP level 2. HP: 17/22 MP: 2/2
   760 | D:2      | Found an iron altar of Okawaru.
   764 | D:2      | Reached XP level 3. HP: 27/27 MP: 3/3
  1177 | D:2      | Reached XP level 4. HP: 33/33 MP: 4/4
  1703 | D:3      | Noticed Terence
  1706 | D:3      | Killed Terence
  2043 | D:3      | Reached XP level 5. HP: 16/38 MP: 5/5
  2350 | D:3      | Noticed Jessica
  2359 | D:3      | Killed Jessica
  2359 | D:3      | Reached skill level 7 in Stealth
  2911 | D:4      | Noticed Pikel
  2915 | D:4      | Noticed a slave
  2916 | D:4      | Noticed a slave
  2916 | D:4      | Noticed a slave
  2917 | D:4      | Noticed a slave
  2925 | D:4      | Killed from afar by Pikel

Action                   |  1- 3 |  4- 6 || total
-------------------------+-------+-------++-------
Melee: Dagger            |   142 |   203 ||   345
 Fire: Blowgun           |     8 |       ||     8
  Use: Scroll            |       |     2 ||     2
       Potion            |       |     2 ||     2
 Stab: Sleeping          |    10 |     8 ||    18
       Invisible         |       |     3 ||     3
